 Dungeon Crawl Stone Soup version 0.20-a0-454-g2b43fbb (console) character file.

5087 nht the Cleaver (level 10, -2/70 HPs)
             Began as a Barachian Berserker on Jan 9, 2017.
             Was a High Priest of Trog.
             Killed from afar by a rime drake (23 damage)
             ... with a flash freeze
             ... on level 1 of the Lair of Beasts.
             The game lasted 00:15:35 (6712 turns).

nht the Cleaver (Barachian Berserker)               Turns: 6712, Time: 00:15:36

Health: -2/70      AC: 11    Str: 23    XL:     10   Next: 57%
Magic:  10/10      EV: 16    Int:  5    God:    Trog [*****.]
Gold:   352        SH:  0    Dex: 17    Spells: 9/9 levels left

rFire  . . .     SeeInvis .     K - +2 battleaxe (elec)
rCold  . . .     Gourm    .     k - +0 scale mail (curse)
rNeg   . . .     Faith    .     (shield currently unavailable)
rPois  +         Spirit   .     (no helmet)
rElec  .         Reflect  .     m - +1 cloak
rCorr  +         Harm     .     d - +0 pair of gloves
MR     ++...                    w - +1 pair of boots
Stlth  +.........               (no amulet)
                                D - ring of resist corrosion
                                l - ring of poison resistance

@: mighty, agile, lethally poisoned (-2 -> -3), very slightly contaminated,
regenerating, hasted, quick
A: swims, slowness 1, strong legs 1
a: Hop, Berserk, Trog's Hand, Brothers in Arms, Burn Spellbooks, Renounce
Religion


You were on level 1 of the Lair of Beasts.
You worshipped Trog.
Trog was extremely pleased with you.
You were very hungry.

You visited 2 branches of the dungeon, and saw 9 of its levels.

You collected 455 gold pieces.
You spent 103 gold pieces at shops.

Inventory:

Hand Weapons
 a - a +0 hand axe
 t - a +0 war axe
 y - a +1 hand axe of electrocution
 A - a +0 hand crossbow
 C - a cursed -3 hand axe
 K - a +2 battleaxe of electrocution (weapon)
Missiles
 E - 15 bolts
Armour
 d - a +0 pair of gloves (worn)
 k - a cursed +0 scale mail (worn)
 m - a +1 cloak (worn)
 w - a +1 pair of boots (worn)
Jewellery
 l - a ring of poison resistance (left hand)
 o - an uncursed ring of flight
 B - an uncursed ring of fire
 D - a ring of resist corrosion (right hand)
Wands
 j - a wand of polymorph (11/24)
 L - a wand of iceblast (0/15)
Scrolls
 r - 2 scrolls of recharging
 s - 3 scrolls of teleportation
 P - a scroll of remove curse
Potions
 b - 2 potions of invisibility
 g - 3 potions of brilliance
 i - a potion of heal wounds
 n - a potion of resistance
 p - a potion of cure mutation
 q - 2 potions of magic
 x - 2 potions of haste
 I - 2 potions of berserk rage {unknown}
 J - 2 potions of curing {unknown}
Comestibles
 c - 6 bread rations
 f - 4 fruits
 h - 2 meat rations
 G - 11 royal jellies


   Skills:
 - Level 3.2 Fighting
 + Level 14.8 Axes
 - Level 2.1 Armour
 - Level 2.0 Dodging


You had 9 spell levels left.
You didn't know any spells.

Dungeon Overview and Level Annotations

Branches:
Dungeon (8/15)             Temple (0/1) D:4            Lair (1/6) D:8

Altars:
Cheibriados
Hepliaklqana
Nemelex Xobeh
Trog
The Shining One

Shops:
D:4 [


Innate Abilities, Weirdness & Mutations

You can swim through water.
You cover ground slowly.
You can hop short distances.


Message History

You feel sick. The wolf barely misses you.
The wolf bites you but does no damage.
The water moccasin bites you but does no damage.
You closely miss the water moccasin.
The water moccasin is severely wounded.
You hit the wolf. You slash the wolf!
There is a sudden explosion of sparks!
You kill the wolf!
Trog accepts your kill. The wolf bites you but does no damage.
The water moccasin misses you.
You closely miss the water moccasin.
The water moccasin is severely wounded.
You slash the rime drake! You slice the wolf!!
There is a sudden explosion of sparks!
You kill the wolf!
Trog accepts your kill.
You feel the effects of Trog's Hand fading.
You feel sick. The water moccasin closely misses you.
The rime drake breathes ice at you. The flash freeze hits you!
You die...

*** ***,**** ,,,,,,,***
,,,,,,,,,* ,*,,,,,,.♣♣█*█████
,,,,,,,,.....█.█@████████████████
,,,,,,,,......h†Sk.......(.......
,,,,,,,,.......hr................
,,,,,,,,.........................
,,,,,,,,....h....................
,,,,,,,,...h..♣.(..%.............
,,,,,,,,.........................
,,,,,8,,...$%....................
,,,,,,,,....................███.█


You could see a rime drake, a water moccasin, 4 wolves and a porcupine.

Vanquished Creatures
  Pikel (D:5)
  The ghost of Nuatha the Sneak, a novice SpAK of Lugonu (D:8)
  Grinder (D:6)
  Sigmund (D:4)
  Eustachio (D:6)
  Edmund (D:4)
  A naga (D:6)
  2 hell hounds (D:8)
  Duvessa (D:5)
  A sky beast (D:8)
  A slave (D:5)
  An ogre (D:6)
  A phantom (D:4)
  21 wolves (Lair:1)
  A centaur (D:5)
  Blork the orc (D:4)
  A big kobold (D:7)
  2 bullfrogs (D:6)
  Dowan (D:5)
  A scorpion (D:6)
  A crimson imp (D:5)
  A howler monkey (D:6)
  2 bullfrog skeletons
  2 hounds
  3 jellies (D:8)
  An orc priest (D:7)
  An iguana (D:7)
  An iron imp (D:5)
  2 orc wizards
  Jessica (D:2)
  A worker ant (D:6)
  Robin (D:3)
  A hound skeleton (D:6)
  6 gnolls
  7 adders
  A shadow imp (D:5)
  8 oozes
  An adder skeleton (D:6)
  A worm (D:5)
  28 orcs
  2 ball pythons
  5 giant cockroaches
  18 goblins
  11 hobgoblins
  11 jackals
  18 kobolds
  5 quokkas
  8 bats
  3 frilled lizards
  A jackal skeleton (D:4)
  5 rats
199 creatures vanquished.

Vanquished Creatures (others)
  2 slaves (D:5)
  4 gnolls (D:5)
  A worm (D:5)
7 creatures vanquished.

Grand Total: 206 creatures vanquished

Notes
Turn   | Place    | Note
-------+----------+-------------------------------------------
     0 | D:1      | nht the Barachian Berserker began the quest for the Orb.
     0 | D:1      | Reached XP level 1. HP: 18/18 MP: 1/1
   185 | D:1      | Reached XP level 2. HP: 22/24 MP: 2/2
   373 | D:1      | Reached skill level 4 in Axes
   437 | D:1      | Reached XP level 3. HP: 28/29 MP: 3/3
   838 | D:2      | Reached ** piety under Trog
  1302 | D:2      | Noticed Jessica
  1305 | D:2      | Reached XP level 4. HP: 35/35 MP: 4/4
  1308 | D:2      | Killed Jessica
  1308 | D:2      | Reached skill level 5 in Axes
  1567 | D:3      | Reached XP level 5. HP: 33/41 MP: 5/5
  1570 | D:3      | Reached *** piety under Trog
  1923 | D:3      | Noticed Robin
  1937 | D:3      | Killed Robin
  1937 | D:3      | Reached skill level 6 in Axes
  2485 | D:4      | Found Ynaimab's Antique Armour Shop.
  2502 | D:4      | Bought a pair of boots for 103 gold pieces
  2540 | D:4      | Found a glowing golden altar of the Shining One.
  2581 | D:4      | Noticed Edmund
  2591 | D:4      | Killed Edmund
  2591 | D:4      | Reached skill level 7 in Axes
  2591 | D:4      | Reached XP level 6. HP: 47/47 MP: 6/6
  2657 | D:4      | Found a staircase to the Ecumenical Temple.
  2865 | D:4      | Noticed a phantom
  2876 | D:4      | Killed a phantom
  2876 | D:4      | Reached XP level 7. HP: 52/52 MP: 7/7
  3006 | D:4      | Noticed Blork the orc
  3015 | D:4      | Killed Blork the orc
  3015 | D:4      | Reached skill level 8 in Axes
  3018 | D:4      | Noticed Sigmund
  3214 | D:4      | Killed Sigmund
  3252 | D:5      | Entered Level 5 of the Dungeon
  3253 | D:5      | Noticed Pikel
  3273 | D:5      | Killed Pikel
  3273 | D:5      | Reached skill level 10 in Axes
  3273 | D:5      | Reached XP level 8. HP: 48/58 MP: 8/8
  3309 | D:5      | Found a sparkling altar of Nemelex Xobeh.
  3323 | D:5      | Found a bloodstained altar of Trog.
  3551 | D:5      | Reached **** piety under Trog
  3788 | D:5      | Noticed Duvessa
  3788 | D:5      | Noticed Dowan
  3793 | D:5      | Killed Duvessa
  3793 | D:5      | Reached skill level 11 in Axes
  3804 | D:5      | Killed Dowan
  3919 | D:6      | Reached XP level 9. HP: 51/64 MP: 9/9
  4383 | D:6      | Noticed Grinder
  4410 | D:6      | Paralysed by Grinder for 3 turns
  4421 | D:6      | Killed Grinder
  4421 | D:6      | Reached skill level 12 in Axes
  4731 | D:6      | Noticed Eustachio
  4738 | D:6      | Killed Eustachio
  5054 | D:7      | Found a snail-covered altar of Cheibriados.
  5264 | D:7      | Reached ***** piety under Trog
  5423 | D:7      | Found a hazy altar of Hepliaklqana.
  5730 | D:8      | Found a staircase to the Lair.
  5752 | D:8      | Reached skill level 13 in Axes
  6171 | D:8      | Noticed Nuatha's ghost (novice SpAK)
  6374 | D:8      | Killed Nuatha's ghost
  6374 | D:8      | Reached XP level 10. HP: 70/70 MP: 10/10
  6612 | Lair:1   | Entered Level 1 of the Lair of Beasts
  6672 | Lair:1   | Reached skill level 14 in Axes
  6712 | Lair:1   | Killed from afar by a rime drake

Vault maps used:
D:1:      matt_arrival_diagonals
D:2:      first_bread, uniq_jessica
D:3:      uniq_robin
D:4:      lemuel_doored_altar, serial_shops, shop, uniq_sigmund, uniq_edmund,
          uniq_blork_the_orc
D:5:      bloody_trog, overflow_temple_1_default, uniq_pikel, uniq_duvessa
D:6:      kennysheep_generic_room_16, uniq_grinder, uniq_eustachio
D:7:      lemuel_coloured_pillars_altar, old_standard_altar
D:8:      corexii_shack_village, minmay_lair_entry_lava,
          hangedman_little_slice_of_home, glass_columns_a
Lair:1:   grunt_forest_large_clearings

Skill      XL: |  1  2  3  4  5  6  7  8  9 10 |
---------------+-------------------------------+-----
Axes           | 4 5 7 10 11 13 14 | 14.8
Fighting       | |  3.2
Armour         | |  2.1
Dodging        | |  2.0

Action                   |  1- 3 |  4- 6 |  7- 9 | 10-12 || total
-------------------------+-------+-------+-------+-------++-------
Melee: Hand axe          |   107 |    52 |   253 |       ||   412
       War axe           |       |    83 |       |       ||    83
       Battleaxe         |       |       |    27 |    44 ||    71
Invok: Berserk           |     2 |     5 |     9 |       ||    16
       Burn Spellbooks   |       |       |       |     1 ||     1
       Trog's Hand       |       |       |       |     1 ||     1
 Abil: Hop               |       |       |       |     1 ||     1
Evoke: Wand              |       |       |     8 |     1 ||     9
  Use: Scroll            |       |       |    16 |     4 ||    20
       Potion            |       |       |     6 |     6 ||    12
 Stab: Sleeping          |     1 |       |       |       ||     1
  Eat: Chunk             |     3 |    10 |    18 |       ||    31
       Fruit             |       |       |     2 |       ||     2
       Beef jerky        |       |       |     1 |       ||     1
       Pizza             |       |       |     1 |       ||     1
Armor: Animal skin       |    27 |    28 |       |       ||    55
       Ring mail         |       |       |    67 |       ||    67
       Scale mail        |       |       |    17 |    14 ||    31
       Skin              |       |       |       |    96 ||    96
Dodge: Dodged            |    70 |    76 |   120 |    51 ||   317
